 Dungeon Crawl Stone Soup version 0.30-a0-859-gf88a04b62d (webtiles) character file.

Game seed: 7465162415867558766

7 NinjaNoafa the Chiller (level 1, -3/14 HPs)
             Began as a Draconian Wanderer on Mar 6, 2023.
             Slain by a kobold
             ... wielding a +0 whip
              (4 damage)
             ... on level 1 of the Dungeon.
             The game lasted 00:01:02 (98 turns).

NinjaNoafa the Chiller (Draconian Wanderer)           Turns: 98, Time: 00:01:02

Health: -3/14      AC:  4    Str: 11    XL:     1   Next: 91%
Magic:  3/3        EV:  7    Int: 13    God:
Gold:   11         SH:  4    Dex: 12    Spells: 4/4 levels left

rFire   . . .      SeeInvis .    a - +0 dagger
rCold   . . .      Faith    .    c - +0 buckler
rNeg    . . .      Spirit   .    (body armour unavailable)
rPois   .          Reflect  .    (helmet restricted)
rElec   .          Rampage  .    (no cloak)
rCorr   .                        (no gloves)
Will    .....                    (no boots)
Stlth   ++                       (no amulet)
HPRegen 0.22/turn                (no ring)
MPRegen 0.08/turn                (no ring)

@: constricted
A: AC +4, unfitting armour, cold-blooded
a: no special abilities


You were on level 1 of the Dungeon.
You visited 1 branch of the dungeon, and saw 1 of its levels.

You collected 11 gold pieces.

Inventory:

Hand Weapons
 a - a +0 dagger (weapon)
Armour
 c - a +0 buckler (worn)
Scrolls
 b - a scroll of vulnerability
Potions
 d - a potion of magic {unknown}


   Skills:
 - Level 1.0 Stealth
 + Level 2.2 Shields
 + Level 2.2 Spellcasting
 + Level 3.1 Ice Magic
 - Level 1.0 Poison Magic
 - Level 1.0 Evocations


You had 4 spell levels left.
You didn't know any spells.
Your spell library contained the following spells:

 Spells                   Type           Power      Damage    Failure   Level
 Freeze                   Ice            36%        1d5       9%          1
 Sting                    Tmut/Pois      8%         1d3       26%         1
 Ensorcelled Hibernation  Hex/Ice        10%        N/A       26%         2
 Cigotuvi's Dreadful Rot  Necr/Pois/Air  4%         N/A       41%         2
 Ignite Poison            Fire/Tmut/Pois 2%         N/A       65%         3
 Summon Ice Beast         Ice/Summ       5%         N/A       86%         4
 Dispel Undead            Necr           1%         3d6       97%         4
 Death Channel            Necr           0%         N/A       100%        6


Dungeon Overview and Level Annotations

Branches:
Dungeon (1/15)

Altars:


Innate Abilities, Weirdness & Mutations

Your plain brown scales are hard. (AC +4)
You cannot fit into any form of body armour.
You are cold-blooded and may be slowed by cold attacks.


Message History

The endoplasm is heavily wounded.
The bat closely misses you. The endoplasm barely misses you.
You hit the endoplasm but do no damage.
The endoplasm is heavily wounded.
The bat hits you but does no damage. The bat hits you.
* * * LOW HITPOINT WARNING * * *
The endoplasm hits you.
* * * LOW HITPOINT WARNING * * *
You hit the endoplasm.
You kill the endoplasm!
The bat hits you but does no damage.
You hit the bat.
You kill the bat!
Things that are here:
a bat corpse; a rat corpse; a quokka corpse
Things that are here:
a +0 dagger; 2 stones; a kobold corpse You now have 11 gold pieces.
You pick up a book of Decay and begin reading...
You add the spells Cigotuvi's Dreadful Rot, Dispel Undead and Death Channel to your library.
d - a green potion A ball python comes into view.
Found a hat.
A ball python is nearby!
A ball python is nearby!
A ball python is nearby!
A kobold comes into view. It is wielding a +0 whip.
A rat comes into view.
The ball python hisses angrily.
The kobold shouts!
Found a mace.
The kobold hits you with a +0 whip.
* * * LOW HITPOINT WARNING * * *
You closely miss the ball python. You block the ball python's attack.
The ball python grabs you. The ball python constricts you.
You block the kobold's attack.
You hit the ball python.
The ball python is moderately wounded.
The ball python bites you.
* * * LOW HITPOINT WARNING * * *
The ball python constricts you. The kobold hits you with a +0 whip.
You die...

†......)..########
...............#..
...............#.#
............##.#.#
...............#.#
.........##.##.#.#
.......###≈.≈#.#.####
###.###..#≈.≈#...K..#
.... ..#§.≈###@...#
..... ..#§§≈#
#.S...... ....
#.#§§≈# .r.......
#≈.≈##.........
.)....[...
##.....#.## #..##...#
#..# .###


You could see a ball python, a kobold and a rat.

Vanquished Creatures
  2 bats (D:1)
  An endoplasm (D:1)
  A kobold (D:1)
  A quokka (D:1)
  A rat (D:1)
6 creatures vanquished.

Notes
Turn   | Place    | Note
-------+----------+-------------------------------------------
     0 | D:1      | NinjaNoafa the Draconian Wanderer began the quest for the
                  | Orb.
     0 | D:1      | NinjaNoafa set off with the following items: a +0 dagger, a
                  | scroll of vulnerability, a +0 buckler; and the following
                  | spells available to memorise: Freeze, Sting, Ensorcelled
                  | Hibernation, Ignite Poison, Summon Ice Beast.
     0 | D:1      | Reached XP level 1. HP: 14/14 MP: 3/3
    98 | D:1      | Slain by a kobold

Illustrated notes

Levels and vault maps discovered:
D:1:      amcnicky_arrival_gap_in_the_tavern_cellar, layout_rooms,
          amcnicky_mini_rare_corridor_liquid, patterned_corridor

Action                     || total
---------------------------++-------
  Melee: Dagger            ||    43
         Tailslap          ||     3
 Armour: Skin              ||    24
  Dodge: Dodged            ||    34
  Block: Buckler           ||    16

Table legend: (Time is in decaauts)
 A = Elapsed time spent in this place.
 B = Non-inter-level travel time spent in this place.
 C = Inter-level travel time spent in this place.
 D = Time resting spent in this place.
 E = Time spent auto-exploring this place.
 F = Levels seen in this place.
 G = Mean time per level.
                   A        B        C        D        E       F      G
               +--------+--------+--------+--------+--------+-----+--------+
         Total |    100 |    100 |      0 |      0 |      9 |   1 |  100.0 |
       Dungeon |    100 |    100 |      0 |      0 |      9 |   1 |  100.0 |
               +--------+--------+--------+--------+--------+-----+--------+

Top non-repeatable levels by time:
     D:1: 100 daAuts
